 Dungeon Crawl Stone Soup version 0.28-a0-1638-g9123634e07 (webtiles) character file.

Game seed: 12941586015225929123

233 vishdafish the Skirmisher (level 6, -7/57 HPs)
             Began as a Naga Fighter on Jan 25, 2022.
             Mangled by an ogre (20 damage)
             ... on level 4 of the Dungeon.
             The game lasted 00:03:49 (3961 turns).

vishdafish the Skirmisher (Naga Fighter)            Turns: 3961, Time: 00:03:50

Health: -7/57      AC:  7    Str: 23    XL:     6   Next: 4%
Magic:  15/15      EV:  4    Int:  9    God:
Gold:   221        SH: 11    Dex: 10    Spells: 5/5 levels left

rFire   + . .      SeeInvis +   o - +6 spear "Owuer" {vorpal, rF+ rN+ Str+3 SInv}
rCold   . . .      Faith    .   e - +0 tower shield
rNeg    + . .      Spirit   .   b - +0 scale mail
rPois   +          Reflect  .   y - +0 helmet
rElec   .          Harm     .   (no cloak)
rCorr   .          Rampage  .   (no gloves)
Will    .....                   (no barding)
Stlth   ..........              (no amulet)
HPRegen 0.19/turn               h - ring of magical power
MPRegen 0.14/turn               (no ring)

@: very slow
A: AC +2, large, see invisible, deformed body, poison resistance, slowness 2,
spit poison 1, naga tail 1
a: Spit Poison


You were on level 4 of the Dungeon.
You visited 1 branch of the dungeon, and saw 4 of its levels.

You collected 221 gold pieces.

Inventory:

Hand Weapons
 a - a +0 long sword
 o - the +6 spear "Owuer" (weapon) {vorpal, rF+ rN+ Str+3 SInv}
   (You found it on level 3 of the Dungeon)

   It inflicts extra damage upon your enemies.
   Str:       It affects your strength (+3).
   rF:        It protects you from fire.
   rN:        It protects you from negative energy.
   SInv:      It lets you see invisible.
Armour
 b - a +0 scale mail (worn)
 c - a +0 buckler
 e - a +0 tower shield (worn)
 y - a +0 helmet (worn)
Jewellery
 h - a ring of magical power (left hand)
 i - a ring of protection from cold
Scrolls
 d - a scroll of summoning {unknown}
 f - 4 scrolls of brand weapon {unknown}
 g - 3 scrolls of identify {unknown}
 j - 2 scrolls of teleportation {unknown}
 k - a scroll of blinking {unknown}
 m - a scroll of enchant armour {unknown}
 p - a scroll of fog {unknown}
 s - a scroll of amnesia {unknown}
Potions
 l - a potion of resistance {unknown}
 n - 2 potions of ambrosia {unknown}
 q - a potion of lignification {unknown}
 r - a potion of degeneration {unknown}
 t - a potion of berserk rage {unknown}
 u - a potion of brilliance {unknown}
 v - a potion of curing {unknown}
 w - 2 potions of mutation {unknown}
 x - a potion of heal wounds {unknown}


   Skills:
 + Level 3.9 Fighting
 - Level 3.1 Long Blades
 * Level 2.3 Polearms
 + Level 3.2 Armour
 + Level 3.2 Shields


You had 5 spell levels left.
You didn't know any spells.
Your spell library contained the following spells:

 Spells                   Type           Power      Damage    Failure   Level
 Blink                    Tloc           0%         N/A       100%        2
 Lesser Beckoning         Tloc           0%         N/A       100%        3
 Manifold Assault         Tloc           0%         N/A       100%        5


Dungeon Overview and Level Annotations

Branches:
Dungeon (4/15)
 Temple: D:4-7

Altars:

Annotations:
D:4 Sigmund


Innate Abilities, Weirdness & Mutations

Your serpentine skin is tough. (AC +2)
You have supernaturally acute eyesight. (SInv)
Armour fits poorly on your strangely shaped body.
Your system is resistant to poisons. (rPois)
You cover ground very slowly.
You can spit poison.
You have a snake-like lower body.


Message History

An adder comes into view.
Sigmund hits you from afar with a +1 vorpal scythe! x2
The adder moves out of view.
Okay, then.
You reach to attack!
You barely miss Sigmund.
You reach to attack!
You hit Sigmund.
Sigmund is lightly wounded.
Sigmund barely misses you.
You reach to attack!
The adder hisses angrily.
You hit Sigmund.
Sigmund is lightly wounded.
Sigmund hits you from afar with a +1 vorpal scythe!
You are too injured to fight recklessly!
An ogre comes into view. It is wielding a +0 giant club.
You block Sigmund's attack.
You hit Sigmund but do no damage.
Sigmund is lightly wounded.
Sigmund hits you with a +1 vorpal scythe.
You block the adder's attack.
You puncture Sigmund!
Sigmund is heavily wounded.
The adder bites you. Sigmund barely misses you.
You closely miss Sigmund.
Sigmund is heavily wounded.
You block the adder's attack. x2; You block Sigmund's attack.
You hit Sigmund.
Sigmund is severely wounded.
The adder bites you but does no damage. x2
You closely miss Sigmund.
Sigmund is severely wounded.
Sigmund gestures at you while chanting. You block the puff of flame.
The adder bites you but does no damage.
Sigmund hits you with a +1 vorpal scythe.
* * * LOW HITPOINT WARNING * * *
x2 You hit Sigmund.
Sigmund is almost dead.
You block the adder's attack. x2
The ogre hits you with a +0 giant club!!
You die...

..."≈≈≈≈..#####
..##≈≈≈≈#.#
####≈≈≈≈≈.#
...≈≈≈≈≈.#
####≈≈≈≈##
#≈≈≈≈≈#
##≈≈≈≈≈######
..88≈≈≈≈S88..##
.........O@@...#
...............#
...88≈≈≈≈≈88...#
.....>≈≈≈≈..##.#
.####≈≈≈≈≈.# ..
#≈≈≈≈≈.# #.
##≈≈≈≈.. #≈≈≈≈≈#


You could see Sigmund, an ogre and an adder.

Vanquished Creatures
  A howler monkey (D:4)
  2 hounds (D:4)
  A hound skeleton (D:4)
  3 gnolls (D:2)
  4 adders
  4 dart slugs
  An orc (D:4)
  4 bats
  3 endoplasms
  A giant cockroach (D:3)
  2 goblins
  6 hobgoblins
  5 quokkas
  5 ball pythons
  3 frilled lizards
  8 kobolds
  2 rats (D:3)
55 creatures vanquished.

Vanquished Creatures (others)
  26 plants (D:2)
26 creatures vanquished.

Grand Total: 81 creatures vanquished

Notes
Turn   | Place    | Note
-------+----------+-------------------------------------------
     0 | D:1      | vishdafish the Naga Fighter began the quest for the Orb.
     0 | D:1      | Reached XP level 1. HP: 21/21 MP: 1/1
   491 | D:1      | You fall into a shaft and drop 1 floor!
   599 | D:1      | Found a faded altar of an unknown god.
  1023 | D:2      | Reached XP level 2. HP: 26/28 MP: 2/2
  1301 | D:2      | Reached XP level 3. HP: 14/34 MP: 3/3
  2132 | D:2      | Reached XP level 4. HP: 20/42 MP: 4/4
  2876 | D:3      | Identified the +6 spear "Owuer" {vorpal, rF+ rN+ Str+3
                  | SInv}
  3584 | D:4      | Reached skill level 1 in Polearms
  3584 | D:4      | Reached XP level 5. HP: 45/49 MP: 5/5
  3713 | D:4      | Reached XP level 6. HP: 51/57 MP: 6/6
  3950 | D:4      | Noticed Sigmund
  3961 | D:4      | Mangled by an ogre

Illustrated notes

Levels and vault maps discovered:
D:1:      psy_arrival_fountain, layout_basic, basic_ecumenical_altar,
          serial_glass, glass_columns_b, glass_columns_a
D:2:      wad_woods_settlement, layout_basic
D:3:      layout_loops_ring, grunt_ministairs_14
D:4:      wander_river, layout_loops_ring, kennysheep_cross_room,
          chequers_jeans, uniq_sigmund

Skill      XL: |  1  2  3  4  5 |
---------------+----------------+-----
Long Blades    | 3 |  3.1
Shields        | 3 |  3.2
Polearms       | 1 2 |  2.3
Armour         | 3 |  3.2
Fighting       | |  3.9

Action                   |  1- 3 |  4- 6 || total
-------------------------+-------+-------++-------
Melee: Long sword        |    85 |    18 ||   103
       Spear             |       |    59 ||    59
  Use: Potion            |     1 |     1 ||     2
 Stab: Distracted        |       |     1 ||     1
Armor: Scale mail        |    37 |    19 ||    56
Dodge: Dodged            |    10 |     9 ||    19
Block: Tower shield      |    48 |    45 ||    93

Table legend: (Time is in decaauts)
 A = Elapsed time spent in this place.
 B = Non-inter-level travel time spent in this place.
 C = Inter-level travel time spent in this place.
 D = Time resting spent in this place.
 E = Time spent auto-exploring this place.
 F = Levels seen in this place.
 G = Mean time per level.
                   A        B        C        D        E       F      G
               +--------+--------+--------+--------+--------+-----+--------+
         Total |   4951 |   4856 |     95 |    905 |   3371 |   4 | 1237.8 |
       Dungeon |   4951 |   4856 |     95 |    905 |   3371 |   4 | 1237.8 |
               +--------+--------+--------+--------+--------+-----+--------+

Top non-repeatable levels by time:
     D:2: 2233 daAuts
     D:1: 1207 daAuts
     D:3: 996 daAuts
     D:4: 513 daAuts
